 Dungeon Crawl Stone Soup version 0.31-a0-700-gf13585253f (webtiles) character file.

Game seed: 10226792368368979956

396 ytrimaz the Ruffian (level 6, -4/47 HPs)
             Began as a Draconian Shapeshifter on Sept 7, 2023.
             Was a Follower of Uskayaw.
             Slain by an ogre
             ... wielding a +0 giant club
              (30 damage)
             ... on level 4 of the Dungeon.
             The game lasted 00:04:18 (3430 turns).

ytrimaz the Ruffian (Draconian Shapeshifter)        Turns: 3430, Time: 00:04:19

Health: -4/47      AC:  6    Str: 17    XL:     6   Next: 52%
Magic:  7/7        EV: 12    Int: 10    God:    Uskayaw [*.....]
Gold:   140        SH:  0    Dex: 12    Spells: 5/5 levels left

rFire   . .          .
                       - Unarmed
rCold   . . .        (no shield)
rNeg    . . .        (body armour unavailable)
rPois   +            (helmet currently unavailable)
rElec   .            (cloak currently unavailable)
rCorr   .            (gloves currently unavailable)
SInv    .            (boots currently unavailable)
Will    .....        (no amulet)
Stlth   +            l - ring of poison resistance
HPRegen 0.27/turn    (no ring)
MPRegen 0.10/turn

%: no passive effects
@: beast-form
A: beast (slay +2), AC +6, unfitting armour, cold-blooded
a: Begin Untransformation, Renounce Religion, Stomp


You were on level 4 of the Dungeon.
You worshipped Uskayaw.
Uskayaw was noncommittal.
You were a hulking beast.
You visited 1 branch of the dungeon, and saw 4 of its levels.

You collected 140 gold pieces.


Innate Abilities, Weirdness & Mutations

You are a hulking beast.
Your limbs bulge with bestial killing power. (Slay +2)
Your plain brown scales are hard. (AC +6)
You cannot fit into any form of body armour.
You are cold-blooded and may be slowed by cold attacks.


   Skills:
 - Level 1.1 Fighting
 - Level 1.7 Dodging
 + Level 5.3 Unarmed Combat
 + Level 2.3 Invocations
 + Level 5.0 Shapeshifting


You had 5 spell levels left.
You didn't know any spells.
Your spell library contained the following spells:

 Spells                   Type           Power      Damage    Failure   Level
 Blink                    Tloc           0%         N/A       50%         2
 Ensorcelled Hibernation  Hex/Ice        0%         N/A       50%         2
 Lesser Beckoning         Tloc           0%         N/A       50%         2
 Momentum Strike          Conj/Tloc      0%         3d8       50%         2
 Passwall                 Tmut/Erth      0%         N/A       50%         2
 Swiftness                Air            0%         N/A       75%         3

Inventory:

Armour
 o - a +0 cloak
   (You found it on level 1 of the Dungeon)
Jewellery
 l - a ring of poison resistance (left hand)
   (You found it on level 2 of the Dungeon)
Talismans
 b - a beast talisman (active)
 c - a flux talisman
Wands
 m - a wand of mindburst (13)
   (You found it on level 3 of the Dungeon)
Scrolls
 d - 2 scrolls of teleportation {unknown}
 g - 4 scrolls of identify {unknown}
 h - a scroll of immolation {unknown}
 n - a scroll of fog {unknown}
Potions
 a - a potion of degeneration {unknown}
 e - 3 potions of heal wounds {unknown}
 f - a potion of curing
 i - 2 potions of haste {unknown}
 j - a potion of enlightenment {unknown}
 k - a potion of attraction {unknown}

Dungeon Overview and Level Annotations

Branches:
Dungeon (4/15) Zot: 20589  Temple (0/1) D:4

Altars:
Elyvilon
Uskayaw
Vehumet

...# ...# #. ##+# ...#
#.##..##.....# ...#
#..........+......# ...#
#..........#......# ...#
#........>.#......# ...#
##.....##..#......# ...#
#......##.O##.....# ...#
#......##.h##.....# ...#
#......##..##.....# ...#
#......'..........#
...#####.....##.........#
...#..##.....######.....#
...#...#.....##..##.....#
####...#.........##.....#
..##..##.....##..+......#
..##..##.....##..#......#


You could see an ogre.


Message History

You miss something.
Your tail-slap misses something.
You hear some strange, mumbled words.
Something tries to affect you, but you resist.
The orc barely misses you. 😮 HP[+1] Unknown command.
You closely miss something. Something hits you but does no damage.
The orc closely misses you.
Uskayaw prepares the audience for your solo!
You hit something but do no damage.
The orc is no longer sharing its pain.
Something hits you.
* * * LOW HITPOINT WARNING * * *
😨 HP[-2]
You take 2 damage, and now have 22/47 hp.
You hit something.
Your tail-slap misses something.
The orc is no longer paralysed.
The orc hits you with a +0 short sword.
* * * LOW HITPOINT WARNING * * *
Something hits you but does no damage. 😨 HP[-2]
You take 2 damage, and now have 20/47 hp.
Unknown command.
You completely miss something. Your punch misses something.
The orc barely misses you.
Something hits you but does no damage. 😨 HP[+1]
You barely miss something.
Your tail-slap misses something.
The orc barely misses you.
You hear some strange, mumbled words.
A magic dart appears from out of thin air!
The magic dart hits you!
* * * LOW HITPOINT WARNING * * *
😨 HP[-9]
You take 9 damage, and now have 12/47 hp.
Unknown command.
You miss something.
Your tail-slap misses something.
The orc closely misses you. Something hits you but does no damage.
Unknown command.
You punch something!
Reactivating autopickup.
You feel a bit more experienced. The orc closely misses you.
You hit the orc.
The orc hits you but does no damage. 😨 HP[+1] Unknown command.
You hit the orc.
You kill the orc!
You see here a +0 short sword.
Key pressed, stopping explore.
Key pressed, stopping explore.
d - 2 scrolls labelled RUAHIE BADIRPH (gained 1) Key pressed, stopping explore.
Key pressed, stopping explore.
Unknown command. 😎 HP[+34]
Your hp is fully restored (47).
You open the door.
A quokka comes into view.
Found a ruby potion and a curved glowing staff.
Found an escape hatch in the floor.
There is an open door here.
You hit the quokka.
You kill the quokka!
No target in view!
No target in view!
Unknown command.
e - 3 ruby potions (gained 1)
You see here a staff of conjuration.
A ball python comes into view.
A ball python is nearby!
A ball python is nearby!
The helpless ball python fails to defend itself.
You punch the ball python!
You kill the ball python!
No target in view!
You open the door.
There is an open door here.
You open the door.
There is an open door here.
Key pressed, stopping explore.
You open the door.
There is an open door here.
There is an open door here.
Things that are here:
a +0 mace; an orc skeleton You open the door.
There is an open door here.
Found a stone staircase leading down.
There is an open door here.
An ogre comes into view. It is wielding a +0 giant club.
The ogre shouts!
An ogre is nearby!
An ogre is nearby!
An ogre is nearby!
You hit the ogre.
The ogre hits you with a +0 giant club!! 😮 HP[-21]
You take 21 damage, and now have 26/47 hp.
MASSIVE DAMAGE!! (PAUSE)
You hit the ogre.
The ogre hits you with a +0 giant club!!
Ouch! That really hurt!
You die...

Skill      XL: |  1  2  3  4  5  6 |
---------------+-------------------+-----
Unarmed Combat | 4 5 |  5.3
Shapeshifting  | 4 5 |  5.0
Invocations    | 1 2 |  2.3
Fighting       | |  1.1
Dodging        | |  1.7

Action                     |  1- 3 |  4- 6 || total
---------------------------+-------+-------++-------
  Melee: Unarmed           |   109 |   151 ||   260
         Tailslap          |     7 |    15 ||    22
         Punch             |     4 |     3 ||     7
    Use: Potion            |       |     4 ||     4
   Stab: Sleeping          |       |     2 ||     2
         Paralysed         |       |     1 ||     1
 Armour: Skin              |    52 |    74 ||   126
  Dodge: Dodged            |    72 |    68 ||   140

Levels and vault maps discovered:
D:1:      saegor_arrival_simple_b, layout_basic
D:2:      layout_basic, minmay_cut_off
D:3:      layout_loops_ring, minmay_overflow_temple_star_quad
D:4:      layout_gridville, minmay_temple_entry_sparse_star,
          guppyfry_early_lair_pool

Notes
Turn   | Place    | Note
-------+----------+-------------------------------------------
     0 | D:1      | ytrimaz the Draconian Shapeshifter began the quest for the
                  | Orb.
     0 | D:1      | Reached XP level 1. HP: 16/16 MP: 1/1
     0 | D:1      | magus.rc [v1.9.6]
    82 | D:1      | Reached XP level 2. HP: 14/23 MP: 2/2
   622 | D:1      | You fall into a shaft and drop 1 floor!
   656 | D:2      | Reached XP level 3. HP: 28/28 MP: 3/3
   888 | D:2      | Reached skill level 4 in Unarmed Combat
   963 | D:2      | Reached XP level 4. HP: 29/35 MP: 4/4
  1116 | D:2      | Reached skill level 4 in Shapeshifting
  1202 | D:2      | You pick up a book of Spatial Translocations and begin
                  | reading...
  1202 | D:2      | You add the spells Blink, Momentum Strike and Lesser
                  | Beckoning to your library.
  1241 | D:2      | You pick up a book of Burglary and begin reading...
  1241 | D:2      | You add the spells Passwall, Ensorcelled Hibernation and
                  | Swiftness to your library.
  1821 | D:3      | Identified the +2 spear "Ifruaschi" {vamp, Dex+4}
  1919 | D:3      | Reached XP level 5. HP: 40/40 MP: 5/5
  2137 | D:3      | Found a white marble altar of Elyvilon.
  2144 | D:3      | HP: 2/40 [orc priest/+0 heavy flail (13)]
  2291 | D:3      | Found a radiant altar of Vehumet.
  2297 | D:3      | Found a hide-covered altar of Uskayaw.
  2494 | D:3      | Became a worshipper of Uskayaw the Reveller
  2558 | D:4      | Found a staircase to the Ecumenical Temple.
  2577 | D:4      | Reached * piety under Uskayaw
  2596 | D:4      | Reached ** piety under Uskayaw
  2811 | D:4      | Noticed an ogre
  2821 | D:4      | Killed an ogre
  2821 | D:4      | Reached *** piety under Uskayaw
  2822 | D:4      | Reached skill level 5 in Unarmed Combat
  2822 | D:4      | Reached skill level 1 in Invocations
  2822 | D:4      | Reached XP level 6. HP: 36/47 MP: 5/7
  3138 | D:4      | Reached skill level 2 in Invocations
  3142 | D:4      | Reached skill level 5 in Shapeshifting
  3145 | D:4      | Reached **** piety under Uskayaw
  3430 | D:4      | Slain by an ogre

Vanquished Creatures
  An ogre (D:4)
  A jelly (D:4)
  3 orc priests
  An orc wizard (D:4)
  7 adders
  4 worms (D:2)
  4 dart slugs
  5 orcs
  3 bats
  4 endoplasms
  4 giant cockroaches
  7 goblins
  8 hobgoblins
  7 jackals
  7 kobolds
  3 quokkas
  6 ball pythons
  4 frilled lizards
  6 rats
85 creatures vanquished.

Table legend:
 A = Non-vault XP
 B = Vault XP
 C = Vault XP percentage of total XP
 D = Non-vault monster count
 E = Vault monster count
 F = Vault count percentage of total count
                 A         B        C        D         E       F
            +---------+---------+-------+---------+---------+-------
      Total |     560 |       7 |   1.2 |      83 |       2 |   2.4
            +---------+---------+-------+---------+---------+-------
        D:1 |      40 |       0 |   0.0 |      23 |       0 |   0.0
        D:2 |     106 |       7 |   6.2 |      22 |       2 |   8.3
        D:3 |      98 |       0 |   0.0 |      22 |       0 |   0.0
        D:4 |     316 |       0 |   0.0 |      16 |       0 |   0.0
            +---------+---------+-------+---------+---------+-------

Skill      XL: |  1  2  3  4  5  6 |
---------------+-------------------+-----
Unarmed Combat | 4 5 |  5.3
Shapeshifting  | 4 5 |  5.0
Invocations    | 1 2 |  2.3
Fighting       | |  1.1
Dodging        | |  1.7

Action                     |  1- 3 |  4- 6 || total
---------------------------+-------+-------++-------
  Melee: Unarmed           |   109 |   151 ||   260
         Tailslap          |     7 |    15 ||    22
         Punch             |     4 |     3 ||     7
    Use: Potion            |       |     4 ||     4
   Stab: Sleeping          |       |     2 ||     2
         Paralysed         |       |     1 ||     1
 Armour: Skin              |    52 |    74 ||   126
  Dodge: Dodged            |    72 |    68 ||   140

Illustrated notes

Table legend:
 A = Kills in this place as a percentage of kills in the entire game.
 B = Kills by you in this place as a percentage of kills by you in the entire game.
 C = Kills by friends in this place as a percentage of kills by friends in the entire game.
 D = Other kills in this place as a percentage of other kills in the entire game.
 E = Experience gained in this place as a percentage of experience gained in the entire game.
 F = Experience gained in this place divided by the number of levels of this place that you have seen.
                   A       B       C       D       E      F
               +-------+-------+-------+-------+-------+----------------------
         Total | 100.0 | 100.0 |   N/A |   N/A | 100.0 | 141.8
       Dungeon | 100.0 | 100.0 |   N/A |   N/A | 100.0 | 141.8
               +-------+-------+-------+-------+-------+----------------------

Table legend: (Time is in decaauts)
 A = Elapsed time spent in this place.
 B = Non-inter-level travel time spent in this place.
 C = Inter-level travel time spent in this place.
 D = Time resting spent in this place.
 E = Time spent auto-exploring this place.
 F = Levels seen in this place.
 G = Mean time per level.
                   A        B        C        D        E       F      G
               +--------+--------+--------+--------+--------+-----+--------+
         Total |   3409 |   3021 |    388 |      0 |   2454 |   4 |  852.2 |
       Dungeon |   3409 |   3021 |    388 |      0 |   2454 |   4 |  852.2 |
               +--------+--------+--------+--------+--------+-----+--------+

Top non-repeatable levels by time:
     D:3: 1041 daAuts
     D:2: 976 daAuts
     D:4: 703 daAuts
     D:1: 689 daAuts
